 Dungeon Crawl Stone Soup version 0.30.0-7-g0c4daa9e05 (webtiles) character file.

Game seed: 16042499535878523083

107 CaptainMV the Chiller (level 4, 0/32 HPs)
             Began as a Demonspawn Ice Elementalist on May 13, 2023.
             Slain by a scorpion (1 damage)
             ... on level 4 of the Dungeon.
             The game lasted 00:19:47 (2075 turns).

CaptainMV the Chiller (Demonspawn Ice Elementalist) Turns: 2075, Time: 00:19:48

Health: 0/32       AC:  3    Str:  8    XL:     4   Next: 57%
Magic:  5/8        EV: 12    Int: 18    God:
Gold:   124        SH:  4    Dex: 14    Spells: 4/8 levels left

rFire   . . .        a - +0 short sword
rCold   . . .        (no shield)
rNeg    . . .        g - +0 robe
rPois   .            (no helmet)
rElec   .            (no cloak)
rCorr   .            d - +0 pair of gloves
SInv    .            (no boots)
Will    +....        (no amulet)
Stlth   ++           c - ring of willpower
HPRegen 0.25/turn    m - ring of wizardry
MPRegen 0.11/turn

%: wizardry (x1)
@: lethally poisoned (0 -> -7), freezing walls
A: powered by pain 1, condensation shield, weakness stinger 1
a: no special abilities


You were on level 4 of the Dungeon.
You visited 1 branch of the dungeon, and saw 4 of its levels.

You collected 124 gold pieces.

Inventory:

Hand Weapons
 a - a +0 short sword (weapon)
 b - a +1 sling of flaming
 j - a +0 hand axe
Missiles
 k - 6 poisoned darts
 l - 2 silver javelins (quivered)
Armour
 d - a +0 pair of gloves (worn)
 g - a +0 robe (worn)
Jewellery
 c - a ring of willpower (left hand)
 i - a ring of resist corrosion
 m - a ring of wizardry (right hand)
Scrolls
 e - a scroll of butterflies
 h - a scroll of magic mapping
 n - a scroll of amnesia
 q - a scroll of enchant armour {unknown}
 r - a scroll of enchant weapon {unknown}
 t - a scroll of identify
 u - a scroll of fog {unknown}
 w - a scroll of acquirement {unknown}
Potions
 f - a potion of invisibility {unknown}
 o - a potion of curing {unknown}
 p - a potion of mutation {unknown}
 s - 2 potions of magic
 v - a potion of heal wounds {unknown}


   Skills:
 + Level 1.2 Fighting
 + Level 0.1 Short Blades
 + Level 0.1 Axes
 + Level 2.0 Dodging
 + Level 2.1 Stealth
 + Level 0.2 Unarmed Combat
 + Level 2.6 Spellcasting
 + Level 4.6 Ice Magic


You had 4 spell levels left.
You knew the following spells:

 Your Spells              Type           Power      Damage    Failure   Level
a - Freeze                Ice            76%        1d8       1%          1
b - Frozen Ramparts       Ice            38%        1d6       3%          3

Your spell library contained the following spells:

 Spells                   Type           Power      Damage    Failure   Level
 Ozocubu's Armour         Ice            19%        N/A       3%          3
 Summon Ice Beast         Ice/Summ       10%        N/A       26%         4


Dungeon Overview and Level Annotations

Branches:
Dungeon (4/15)
 Temple: D:4-7

Altars:

Shops:
D:2 =


Innate Abilities, Weirdness & Mutations

You sometimes gain a little power by taking damage.
A meltable shield of frost defends you. (SH +4)
You have a small tail.


Message History

The wall freezes something.
An orc comes into view. It is wielding a +0 whip.
The wall freezes the scorpion but does no damage.
The wall freezes something but does no damage.
An orc comes into view. It is wielding a +0 mace.
Your +1 sling of flaming stops flaming.
a - a +0 short sword (weapon)
The orc shouts!
You barely miss the scorpion.
The wall freezes the scorpion but does no damage.
The scorpion barely misses you.
An orc comes into view. It is wielding a +0 dagger.
The wall freezes something.
Something hits you but does no damage.
The wall freezes the scorpion.
The scorpion stings you.
You hit the scorpion.
Your tail-slap misses the scorpion.
The scorpion is lightly wounded.
The wall freezes something.
Something hits you.
The wall freezes the scorpion but does no damage.
The scorpion stings you.
You hit the scorpion but do no damage.
The scorpion is lightly wounded.
The frozen ramparts melt away.
Something hits you. The scorpion stings you.
You hit the scorpion.
The scorpion is moderately wounded.
Something hits you. The scorpion stings you.
* * * LOW HITPOINT WARNING * * *
You are lethally poisoned!
The scorpion poisons you!
An endoplasm comes into view.
Casting: Frozen Ramparts (dangerous; 3% risk of failure)
Confirm with . or Enter, or press ? or * to list all spells.
Casting: Frozen Ramparts (dangerous; 3% risk of failure)
Press: ? - help, Dir - look around, f - activate A stone staircase leading up.
The walls around you are covered in ice.
The endoplasm quivers.
* * * LOW HITPOINT WARNING * * *
You feel very sick.
The wall freezes the scorpion.
The scorpion stings you.
You die...

#≈...#.#
≈...#.# .#...#
..:.# .).#
..#####.J
#..####s{ooo..#
#.....@#
######.....#
#.###.# #.# #.#
#.. ... ##.


You could see a scorpion, 3 orcs and an endoplasm.

Vanquished Creatures
  2 hounds
  An adder (D:3)
  A bat (D:1)
  2 endoplasms
  4 goblins
  6 hobgoblins
  A quokka (D:1)
  7 ball pythons
  2 frilled lizards (D:1)
  7 kobolds
  3 rats
36 creatures vanquished.

Notes
Turn   | Place    | Note
-------+----------+-------------------------------------------
     0 | D:1      | CaptainMV the Demonspawn Ice Elementalist began the quest
                  | for the Orb.
     0 | D:1      | Reached XP level 1. HP: 13/13 MP: 3/3
   250 | D:1      | Reached skill level 4 in Ice Magic
   250 | D:1      | Gained mutation: You sometimes gain a little power by
                  | taking damage. [demonic ancestry]
   250 | D:1      | Reached XP level 2. HP: 10/19 MP: 0/5
   975 | D:2      | Found Tenoijah's One-of-a-Kind Rings.
  1024 | D:2      | Gained mutation: A meltable shield of frost defends you.
                  | (SH +4) [demonic ancestry]
  1024 | D:2      | Reached XP level 3. HP: 23/25 MP: 1/6
  1031 | D:2      | Learned a level 3 spell: Frozen Ramparts
  1546 | D:3      | Gained mutation: You have a small tail. [demonic ancestry]
  1546 | D:3      | Reached XP level 4. HP: 30/31 MP: 0/7
  1570 | D:3      | Reached skill level 1 in Fighting
  2065 | D:4      | Noticed a scorpion
  2075 | D:4      | HP: 1/32 [poisoned by a scorpion]
  2075 | D:4      | Slain by a scorpion

Illustrated notes

Levels and vault maps discovered:
D:1:      reono_arrival_forest_river, layout_basic, minmay_hexomino_u4
D:2:      layout_basic, basic_altar, columned_hall_lemuel,
          minmay_misc_feat_nine_boxes, nicolae_shop_unique_rings
D:3:      layout_loops_ring
D:4:      layout_rooms, lemuel_crystal_altar, serial_shops, shop, shop,
          nicolae_book_shop_shelving, shop, nicolae_stop_n_shop_2,
          kennysheep_boxes, uniq_menkaure

Skill      XL: |  1  2  3  4 |
---------------+-------------+-----
Ice Magic      | 4 |  4.6
Dodging        | 2 |  2.0
Stealth        | 2 |  2.1
Fighting       | 1 |  1.2
Short Blades   | |  0.1
Axes           | |  0.1
Unarmed Combat | |  0.2
Spellcasting   | |  2.6

Action                     |  1- 3 |  4- 6 || total
---------------------------+-------+-------++-------
  Melee: Unarmed           |    25 |       ||    25
         Punch             |     4 |       ||     4
         Short sword       |    29 |    21 ||    50
         Hand axe          |     7 |       ||     7
   Fire: Sling             |       |     6 ||     6
  Throw: Javelin           |     2 |       ||     2
   Cast: Freeze            |    20 |     4 ||    24
         Frozen Ramparts   |     2 |     3 ||     5
    Use: Scroll            |     2 |     1 ||     3
   Stab: Sleeping          |     4 |     2 ||     6
 Armour: Robe              |    10 |     4 ||    14
  Dodge: Dodged            |    45 |    11 ||    56
  Block: Other             |       |     2 ||     2
